 Dungeon Crawl Stone Soup version 0.22-a0-608-g8a62e23 (webtiles) character file.

105 Hebeh the Magician (level 4, -4/25 HPs)
             Began as a Deep Elf Fire Elementalist on July 9, 2018.
             Shot with a sling bullet by a hobgoblin (6 damage)
             ... on level 3 of the Dungeon.
             The game lasted 00:15:11 (2699 turns).

Hebeh the Magician (Deep Elf Fire Elementalist)     Turns: 2699, Time: 00:15:11

Health: -4/25      AC:  3    Str:  6    XL:     4   Next: 53%
Magic:  1/12       EV: 13    Int: 20    God:
Gold:   140        SH:  0    Dex: 15    Spells: 5/11 levels left

rFire    . . .     SeeInvis +   a - +1 dagger (venom)
rCold    . . .     Gourm    .   (no shield)
rNeg     . . .     Faith    .   h - +1 robe
rPois    .         Spirit   .   (no helmet)
rElec    .         Reflect  .   (no cloak)
rCorr    .         Harm     .   (no gloves)
MR       .....                  (no boots)
Stlth    ++........             (no amulet)
HPRegen  0.08/turn              d - ring of see invisible
MPRegen  0.13/turn              (no ring)

@: no status effects
A: no striking features
a: no special abilities


You were on level 3 of the Dungeon.
You were not hungry.

You visited 1 branch of the dungeon, and saw 3 of its levels.

You collected 140 gold pieces.

Inventory:

Hand Weapons
 a - a +1 dagger of venom (weapon)
 b - a +1 hunting sling
Missiles
 f - 179 stones (quivered)
 q - 17 sling bullets
Armour
 h - a +1 robe (worn)
Jewellery
 d - a ring of see invisible (left hand)
Scrolls
 n - a scroll of teleportation
 o - 3 scrolls of remove curse
 t - a scroll of identify
Potions
 e - 2 potions of lignification
 g - a potion of magic {unknown}
 i - a potion of might {unknown}
 k - a potion of flight {unknown}
 p - 2 potions of heal wounds
Comestibles
 c - 4 rations


   Skills:
 + Level 1.0 Fighting
 - Level 2.4 Dodging
 - Level 2.4 Stealth
 * Level 4.2 Spellcasting
 * Level 2.9 Conjurations
 * Level 4.1 Fire Magic


You had 5 spell levels left.
You knew the following spells:

 Your Spells              Type           Power        Failure   Level  Hunger
a - Flame Tongue          Conj/Fire      ###..        3%          1    None
b - Throw Flame           Conj/Fire      ###...       4%          2    #......
c - Conjure Flame         Conj/Fire      ###.....     9%          3    ###....

Your spell library contained the following spells:

 Spells                   Type           Power        Failure   Level  Hunger
 Magic Dart               Conj           ###.         3%          1    None
 Fireball                 Conj/Fire      ###.......   63%         5    ######.
 Slow                     Hex            #.......     19%         2    #......
 Mephitic Cloud           Conj/Pois/Air  #.......     26%         3    ###....
 Blink                    Tloc           N/A          19%         2    #......
 Sticky Flame             Conj/Fire      ###.....     28%         4    ####...
 Call Imp                 Summ           #.......     19%         2    #......
 Inner Flame              Hex/Fire       ##......     16%         3    ###....


Dungeon Overview and Level Annotations

Branches:
Dungeon (3/15)

Altars:
Cheibriados
Elyvilon
Gozag
Yredelemnul


Message History

Unknown command.
Unknown command.
Your +1 dagger of venom begins to drip with poison!
a - a +1 dagger of venom (weapon)
You are too injured to fight recklessly!
The hobgoblin unwields an uncursed hunting sling.
The hobgoblin misses you.
You hit the hobgoblin.
The hobgoblin is poisoned.
The hobgoblin is lightly wounded.
The hobgoblin hits you but does no damage.
You see here 2 sling bullets.
The hobgoblin wields an uncursed hunting sling.
The hobgoblin shoots a sling bullet.
The sling bullet hits you.
* * * LOW HITPOINT WARNING * * *
You see here a sling bullet.
The hobgoblin shoots a sling bullet.
The sling bullet hits you.
You die...

≈≈≈≈≈≈..)..≈≈≈≈≈≈≈≈≈≈≈≈≈≈
≈≈≈≈≈.....≈≈≈≈≈≈≈≈≈≈≈≈≈≈≈
≈≈≈≈≈≈.....≈≈≈≈≈≈≈≈≈≈≈≈≈≈
#######''################
#....# #....#
...#########....##
..(....(.(#g...(.#
.........()g((@.(+
.........)#......#
...#########....## ..
#....# . #....# ######


You could see 2 hobgoblins.

Vanquished Creatures
  2 gnolls (D:3)
  3 adders (D:2)
  2 worms (D:3)
  A giant cockroach (D:2)
  10 goblins
  7 hobgoblins
  6 jackals
  5 bats
  3 frilled lizards
  2 kobolds
  10 rats
51 creatures vanquished.

Notes
Turn   | Place    | Note
-------+----------+-------------------------------------------
     0 | D:1      | Hebeh the Deep Elf Fire Elementalist began the quest for the Orb.
     0 | D:1      | Reached XP level 1. HP: 10/10 MP: 6/6
   368 | D:1      | Reached XP level 2. HP: 15/15 MP: 5/8
   899 | D:2      | Found a white marble altar of Elyvilon.
   959 | D:2      | Reached XP level 3. HP: 20/20 MP: 7/10
  1004 | D:2      | Learned a level 2 spell: Throw Flame
  1008 | D:2      | Learned a level 3 spell: Conjure Flame
  1123 | D:2      | Found a basalt altar of Yredelemnul.
  1207 | D:2      | Found a snail-covered altar of Cheibriados.
  1207 | D:2      | Found an opulent altar of Gozag.
  1947 | D:3      | Reached XP level 4. HP: 11/24 MP: 8/11
  2691 | D:3      | Reached skill level 1 in Fighting
  2699 | D:3      | Shot with a sling bullet by a hobgoblin

Vault maps used:
D:1:      onia_arrival_mini_maze
D:2:      kennysheep_ying_yang, chequers_temple_overflow_statue_of_worship,
          first_ration
D:3:      minmay_goblin_kobold_castle, minmay_misc_feat_square

Skill      XL: |  1  2  3  4 |
---------------+-------------+-----
Conjurations   | 2 |  2.9
Fire Magic     | 4 |  4.1
Spellcasting   | 4 |  4.2
Fighting       | 1 |  1.0
Dodging        | |  2.4
Stealth        | |  2.4

Action                   |  1- 3 |  4- 6 || total
-------------------------+-------+-------++-------
Melee: Dagger            |       |     1 ||     1
 Fire: Hunting sling     |    66 |    19 ||    85
 Cast: Flame Tongue      |    48 |    24 ||    72
       Conjure Flame     |       |     1 ||     1
       Throw Flame       |       |     1 ||     1
  Use: Scroll            |     2 |     9 ||    11
  Eat: Chunk             |     3 |     2 ||     5
Armor: Robe              |     2 |     2 ||     4
Dodge: Dodged            |    13 |    18 ||    31

Table legend:
 A = Spawn XP
 B = Non-spawn XP
 C = Spawn XP percentage of total XP
 D = Spawn monster count
 E = Non-spawn monster count
 F = Spawn count percentage of total count
 G = Total turns spent on level
                    A         B        C        D         E        F      G
               +---------+---------+-------+---------+---------+-------+---------
         Total |       0 |     150 |   0.0 |       0 |      51 |   0.0 |  2699
               +---------+---------+-------+---------+---------+-------+---------
           D:1 |       0 |      25 |   0.0 |       0 |      16 |   0.0 |   863
           D:2 |       0 |      58 |   0.0 |       0 |      15 |   0.0 |   743
           D:3 |       0 |      67 |   0.0 |       0 |      20 |   0.0 |  1093
               +---------+---------+-------+---------+---------+-------+---------
